 Dungeon Crawl Stone Soup version 0.29.1-2-gbd0b4ee654 (webtiles) character file.

Game seed: 8217438607010881916

5824 funnyparkerb the Nimble (level 10, -1/49 HPs)
             Began as a Felid Summoner on Nov 12, 2022.
             Was an Initiate of Gozag.
             Succumbed to a water moccasin's poison
             ... on level 1 of the Lair of Beasts.
             The game lasted 00:36:27 (18283 turns).

funnyparkerb the Nimble (Felid Summoner)           Turns: 18283, Time: 00:36:28

Health: -1/49      AC:  2    Str:  4    XL:     10   Next: 51%
Magic:  15/24      EV: 26    Int: 27    God:    Gozag
Gold:   1430       SH:  0    Dex: 17    Spells: 14/27 levels left
                                        Lives:  0   Deaths: 3

rFire   . . .      SeeInvis +   (weapon unavailable)
rCold   . . .      Faith    .   (shield unavailable)
rNeg    . . .      Spirit   .   (body armour unavailable)
rPois   +          Reflect  .   (helmet unavailable)
rElec   .          Harm     .   (cloak unavailable)
rCorr   .          Rampage  .   (gloves unavailable)
Will    +....                   (boots unavailable)
Stlth   ++........              (no amulet)
HPRegen 0.16/turn               z - +6 ring of intelligence
MPRegen 0.19/turn               u - ring of poison resistance

@: lethally poisoned (-1 -> -15), quick
A: very small, claws 1, fangs 3, see invisible, speed 1, shaggy fur 2, stealthy
paws, no weapons or thrown items, no armour, multi-lived
a: Renounce Religion, Potion Petition, Call Merchant, Bribe Branch


You were on level 1 of the Lair of Beasts.
You worshipped Gozag.
Gozag was most pleased with you.
You visited 3 branches of the dungeon, and saw 14 of its levels.

You collected 1935 gold pieces.
You spent 419 gold pieces at shops.
You paid 86 gold pieces to Gozag.

Inventory:

Jewellery
 p - a ring of resist corrosion
 r - a +4 ring of protection
 u - a ring of poison resistance (right paw)
 w - a +4 ring of evasion
 z - a +6 ring of intelligence (left paw)
 B - an amulet of guardian spirit
 C - a ring of protection from cold
 D - a ring of protection from fire
 G - a +4 ring of evasion
Wands
 l - a wand of iceblast (4)
 t - a wand of paralysis (18)
 y - a wand of mindburst (10)
Scrolls
 b - a scroll of noise
 c - 3 scrolls of teleportation
 e - 2 scrolls of poison
 h - 3 scrolls of summoning
 j - 2 scrolls of amnesia
 k - 2 scrolls of vulnerability
 m - 3 scrolls of torment
 o - a scroll of magic mapping
 E - a scroll of silence
Potions
 a - 2 potions of magic
 d - 2 potions of flight {unknown}
 f - 2 potions of degeneration {unknown}
 g - 2 potions of curing
 i - 3 potions of might {unknown}
 n - a potion of resistance {unknown}
 q - 5 potions of ambrosia
 s - 4 potions of haste {unknown}
 x - 2 potions of mutation {unknown}
 F - a potion of heal wounds {unknown}


   Skills:
 + Level 9.5 Fighting
 + Level 12.6 Dodging
 - Level 2.6 Stealth
 + Level 9.4 Spellcasting
 - Level 5.0 Hexes
 - Level 10.0 Summonings
 - Level 7.0 Air Magic


You had 14 spell levels left.
You knew the following spells:

 Your Spells              Type           Power      Damage    Failure   Level
a - Summon Small Mammal   Summ           100%       N/A       1%          1
b - Call Imp              Summ           61%        N/A       1%          2
c - Call Canine Familiar  Summ           61%        N/A       1%          3
d - Summon Guardian Gole  Hex/Summ       52%        N/A       1%          3
e - Summon Lightning Spi  Summ/Air       55%        N/A       1%          4

Your spell library contained the following spells:

 Spells                   Type           Power      Damage    Failure   Level
 Haunt                    Necr/Summ      19%        N/A       99%         7
 Infestation              Necr           6%         N/A       100%        8
 Animate Dead             Necr           Unusable   N/A       N/A         4

Dungeon Overview and Level Annotations

Branches:
Dungeon (11/15)            Temple (1/1) D:6            Lair (2/5) D:8
    Orc (0/2) D:11
  Swamp: Lair:2-3    Shoals: Lair:2-3     Snake: Lair:2-3    Spider: Lair:2-3

Altars:
Ashenzari
Cheibriados
Dithmenos
Elyvilon
Gozag
Hepliaklqana
Kikubaaqudgha
Makhleb
Nemelex Xobeh
Okawaru
Qazlal
Ru
Sif Muna
Uskayaw
Vehumet
Wu Jian
Xom
Zin
The Shining One

Shops:
D:7 [   D:10 [(??*   D:11 [(*

Annotations:
D:5 Dowan, Duvessa
D:8 2 transporters, styxcanada's ghost, novice SpBr


Innate Abilities, Weirdness & Mutations

You have sharp claws.
You have razor-sharp teeth.
You have supernaturally acute eyesight. (SInv)
You cover ground quickly. (Speed+)
You are covered in thick fur. (AC +2)
Your paws help you pounce on unaware monsters.
You are incapable of wielding weapons or throwing items.
You cannot wear armour.
You gain extra lives every three experience levels.


Message History

A rime drake comes into view.
Found a plate armour, a short sword and a scroll of torment.
Found a stone staircase leading up.
The rime drake hisses angrily.
As you read the scroll of fog, it crumbles to dust.
The scroll dissolves into smoke.
The rime drake bites you.
* * * LOW HITPOINT WARNING * * *
Found a radiant altar of Vehumet.
The rime drake completely misses you.
There is a stone staircase leading up here.
The rime drake barely misses you.
You climb upwards.
The water moccasin hisses angrily.
There is a stone staircase leading down here.
Casting: Summon Guardian Golem (safe; 1% risk of failure)
Confirm with . or Enter, or press ? or * to list all spells.
A guardian golem appears, shielding your allies.
The water moccasin closely misses you.
Unknown command.
Casting: Summon Guardian Golem (safe; 1% risk of failure)
Confirm with . or Enter, or press ? or * to list all spells.
The water moccasin bites you.
* * * LOW HITPOINT WARNING * * *
The water moccasin barely misses you.
Your wolf closely misses the water moccasin.
Casting: Call Canine Familiar (safe; 1% risk of failure)
Confirm with . or Enter, or press ? or * to list all spells.
An electric hum fills the air.
The water moccasin completely misses you.
Your wolf bites the water moccasin.
Your lightning spire cannot move out of your way!
The water moccasin attacks as you move away!
The water moccasin bites you!
* * * LOW HITPOINT WARNING * * *
You are lethally poisoned!
The water moccasin poisons you!
* * * LOW HITPOINT WARNING * * *
You feel very sick.
You die...
Your body crumbles into a pile of gold.

#..>.......
##...####.##
.###....#
........#
#.###...# #
#9h.# ##S..#
#####..8.# $
........@.#
..........#
..........#
......##...
###... #..#.
#..# ##....
#..# .....
#.|# ......
#..# ......


You could see a water moccasin (ally target), a friendly guardian golem
(summoned), a friendly wolf (summoned, sheltered) and a friendly lightning spire
(summoned, sheltered).

Vanquished Creatures
  A blink frog (D:8)
  A killer bee (D:9)
  2 orc wizards
  An orc (D:7)
  2 endoplasms
  2 giant cockroaches (D:1)
  3 goblins
  2 hobgoblins (D:1)
  A quokka (D:1)
  2 ball pythons
  5 bats
  A frilled lizard (D:1)
  A rat (D:1)
24 creatures vanquished.

Vanquished Creatures (collateral kills)
  2 two-headed ogres
  A manticore (D:11)
  An unseen horror (D:11)
  A komodo dragon (D:11)
  A troll (D:9)
  A queen bee (D:9)
  2 hornets
  Grinder (D:6)
  7 blink frogs (D:8)
  A vampire (D:10)
  2 shadows
  3 yaks (Lair:1)
  A wyvern (D:9)
  5 vampire mosquitoes (D:10)
  2 water moccasins
  2 orc warriors
  An ice beast (D:8)
  A centaur (D:10)
  A phantom (D:5)
  A nameless horror (D:8)
  A kobold brigand (D:9)
  3 bullfrogs
  2 scorpions
  2 wights
  39 killer bees
  An electric eel (D:10)
  A jelly (D:6)
  2 howler monkeys
  4 orc priests
  3 iguanas
  4 orc wizards
  Robin (D:3)
  6 gnolls
  6 adders
  A shadow imp (D:5)
  2 ufetubi (D:7)
  A dart slug (D:3)
  32 orcs
  4 ball pythons
  4 bats
  2 endoplasms (D:2)
  A giant cockroach (D:3)
  19 goblins
  8 hobgoblins
  2 jackals (D:5)
  7 kobolds
  5 quokkas
  2 frilled lizards
  7 rats
209 creatures vanquished.

Vanquished Creatures (others)
  A hydra (D:11)
  4 two-headed ogres
  Erica (D:9)
  Urug (D:11)
  Nergalle (D:11)
  A cyclops (D:10)
  Joseph (D:8)
  A komodo dragon (D:8)
  3 trolls
  A blink frog (D:8)
  10 yaks
  2 vampire mosquitoes (D:10)
  Edmund (D:5)
  Menkaure (D:6)
  A water moccasin (D:8)
  4 orc warriors
  2 black bears (D:8)
  An ogre (D:5)
  A bullfrog (D:7)
  4 wights (D:8)
  8 killer bees
  A jelly (D:7)
  A gnoll bouda (D:5)
  An orc priest (D:7)
  Ijyb (D:3)
  An iguana (D:7)
  An orc wizard (D:5)
  2 gnolls (D:5)
  6 orcs
  26 fungi
  91 plants
181 creatures vanquished.

Grand Total: 414 creatures vanquished

Notes
Turn   | Place    | Note
-------+----------+-------------------------------------------
     0 | D:1      | funnyparkerb the Felid Summoner began the quest for the
                  | Orb.
     0 | D:1      | Reached XP level 1. HP: 7/7 MP: 4/4
   523 | D:1      | Reached XP level 2. HP: 11/11 MP: 3/6
   586 | D:1      | Learned a level 2 spell: Call Imp
  1051 | D:1      | Found a faded altar of an unknown god.
  1060 | D:1      | Reached XP level 3. HP: 14/14 MP: 5/8
  1109 | D:1      | Learned a level 3 spell: Call Canine Familiar
  1989 | D:2      | Identified the +5 short sword "Foimoinoi" {holy, rPois rC+}
  2199 | D:2      | Reached XP level 4. HP: 18/18 MP: 5/9
  2203 | D:2      | Learned a level 3 spell: Summon Guardian Golem
  3014 | D:3      | Reached skill level 3 in Dodging
  3014 | D:3      | Reached skill level 1 in Hexes
  3041 | D:3      | Found an iron altar of Okawaru.
  3226 | D:3      | Noticed Ijyb
  3500 | D:3      | Noticed Robin
  3503 | D:3      | Reached skill level 5 in Summonings
  3574 | D:3      | Killed Robin
  3575 | D:3      | Reached skill level 1 in Fighting
  3575 | D:3      | Reached XP level 5. HP: 13/22 MP: 0/11
  3778 | D:3      | Killed Ijyb
  4400 | D:4      | Gained mutation: You are covered in thick fur. (AC +2)
                  | [Felid growth]
  4400 | D:4      | Reached XP level 6. HP: 26/26 MP: 7/12
  4788 | D:5      | Entered Level 5 of the Dungeon
  4995 | D:5      | Reached skill level 4 in Dodging
  5471 | D:5      | Identified the +0 robe "Soremitz" {Regen+ Str+4 Int+3
                  | Dex+5}
  5501 | D:5      | Reached XP level 7. HP: 6/30 MP: 7/14
  5772 | D:5      | Noticed Edmund
  5789 | D:5      | Killed Edmund
  5915 | D:5      | Reached skill level 5 in Dodging
  5984 | D:5      | Learned a level 4 spell: Summon Lightning Spire
  6078 | D:5      | Noticed Duvessa
  6081 | D:5      | Noticed Dowan
  6120 | D:6      | Noticed Grinder
  6410 | D:6      | Killed Grinder
  6411 | D:6      | Reached skill level 1 in Air Magic
  6411 | D:6      | Reached XP level 8. HP: 11/34 MP: 1/15
  6654 | D:6      | Reached skill level 5 in Hexes
  7772 | D:6      | Noticed Menkaure
  7785 | D:6      | Killed Menkaure
  7788 | D:6      | Reached skill level 6 in Dodging
  7788 | D:6      | Reached skill level 5 in Spellcasting
  8231 | D:6      | Found a staircase to the Ecumenical Temple.
  8240 | Temple   | Entered the Ecumenical Temple
  8392 | Temple   | Became a worshipper of Gozag Ym Sagoz the Greedy
  8649 | D:7      | Reached XP level 9. HP: 39/39 MP: 10/18
  8958 | D:7      | Reached skill level 7 in Dodging
  9020 | D:7      | Reached skill level 5 in Fighting
  9344 | D:7      | Found Eciudgho's Armour Shop.
  9531 | D:7      | Noticed a two-headed ogre
  9552 | D:7      | Killed a two-headed ogre
 10061 | D:8      | Reached skill level 8 in Dodging
 10268 | D:8      | Noticed a komodo dragon
 10298 | D:8      | Killed a komodo dragon
 10479 | D:8      | Reached XP level 10. HP: 45/45 MP: 11/20
 10612 | D:8      | Noticed Joseph
 10670 | D:8      | Killed Joseph
 11041 | D:8      | Found a staircase to the Lair.
 11322 | D:8      | Found a transporter.
 11326 | D:8      | Noticed styxcanada's ghost (novice SpBr)
 11326 | D:8      | Noticed a moth of wrath
 11387 | D:8      | Found a transporter.
 11882 | D:9      | Reached skill level 9 in Dodging
 11893 | D:8      | Reached skill level 5 in Air Magic
 12499 | D:9      | Noticed Erica
 12538 | D:9      | Killed Erica
 13143 | D:9      | HP: 2/47 [killer bee (8)]
 13144 | D:9      | Noticed a two-headed ogre
 13146 | D:9      | Mangled by a killer bee
 13147 | D:9      | Reached XP level 9. HP: -7/43 MP: 7/21
 13289 | D:9      | Killed a two-headed ogre
 13290 | D:9      | Reached skill level 10 in Dodging
 13290 | D:9      | Reached XP level 10. HP: 47/47 MP: 11/22
 13739 | D:9      | Noticed a two-headed ogre
 13752 | D:9      | Killed a two-headed ogre
 14312 | D:10     | Entered Level 10 of the Dungeon
 14421 | D:10     | Noticed a two-headed ogre
 14433 | D:10     | Killed a two-headed ogre
 14593 | D:10     | Found a flagged portal.
 14688 | D:10     | Noticed a two-headed ogre
 14699 | D:10     | Killed a two-headed ogre
 14700 | D:10     | Reached XP level 11. HP: 51/51 MP: 17/24
 14817 | D:10     | Reached skill level 11 in Dodging
 15033 | D:10     | Found Itavir's Antique Weapon Boutique.
 15034 | D:10     | Found Xumomips's Antique Armour Shoppe.
 15036 | D:10     | Found Abunotzefasm's Magic Scroll Emporium.
 15038 | D:10     | Found Haruigum's Magic Scroll Shoppe.
 15038 | D:10     | Found Ojisk's Assorted Antiques.
 15044 | D:10     | Bought a scroll of identify for 28 gold pieces
 15044 | D:10     | Bought a scroll of fear for 56 gold pieces
 15044 | D:10     | Bought a scroll of teleportation for 42 gold pieces
 15044 | D:10     | Bought a scroll of fear for 56 gold pieces
 15044 | D:10     | Bought a scroll of teleportation for 42 gold pieces
 15052 | D:10     | Bought a scroll of identify for 30 gold pieces
 15052 | D:10     | Bought 2 scrolls of identify for 60 gold pieces
 15052 | D:10     | Bought a scroll of identify for 30 gold pieces
 15080 | D:10     | Bought a scroll of teleportation for 75 gold pieces
 15427 | D:11     | Found Qilirpho's General Store.
 15546 | D:11     | Noticed Nergalle
 15574 | D:11     | Killed Nergalle
 15575 | D:11     | Noticed a four-headed hydra
 15581 | D:11     | Found an iron altar of Okawaru.
 15622 | D:11     | Noticed Urug
 15786 | D:11     | Noticed a two-headed ogre
 15914 | D:10     | Killed a two-headed ogre
 15939 | D:10     | Reached skill level 10 in Summonings
 16428 | D:11     | Found Plog's Armour Shop.
 16516 | D:11     | Found a staircase to the Orcish Mines.
 16516 | D:11     | Found Latremno's Weapon Shop.
 16534 | D:11     | Killed Urug
 16803 | D:11     | Killed a four-headed hydra
 17052 | D:11     | Reached skill level 12 in Dodging
 17328 | Lair:1   | Entered Level 1 of the Lair of Beasts
 17362 | D:8      | HP: 1/53 [blink frog (3)]
 17363 | D:8      | Mangled by a blink frog
 17364 | D:8      | Reached XP level 10. HP: -7/49 MP: 24/24
 17446 | D:8      | Killed by an exploding themself... ignited by their inner
                  | flame
 17447 | D:8      | Reached XP level 9. HP: -26/45 MP: 18/23
 17469 | D:8      | Reached XP level 10. HP: 34/49 MP: 18/24
 18025 | Lair:1   | Noticed a cane toad
 18028 | Lair:1   | Paralysed by a hornet for 2 turns
 18233 | Lair:1   | Noticed a wolf spider
 18247 | Lair:1   | You fall into a shaft and drop 1 floor!
 18249 | Lair:2   | Noticed a cane toad
 18256 | Lair:2   | Noticed a cane toad
 18267 | Lair:2   | Found a radiant altar of Vehumet.
 18282 | Lair:1   | HP: 1/49 [poisoned by a water moccasin]
 18283 | Lair:1   | Succumbed to a water moccasin's poison

Illustrated notes

Levels and vault maps discovered:
D:1:      dpeg_arrival_round_c, layout_basic, shapermc_ecumenical_altar_venn,
          minmay_vboxes
D:2:      layout_loops_ring, minmay_misc_feat_nine_boxes, minivault_19
D:3:      layout_rooms, nicolae_overflow_crystal_walls, uniq_ijyb, uniq_robin
D:4:      layout_rooms, kennysheep_cross_room
D:5:      layout_gridville, uniq_edmund, uniq_duvessa
D:6:      layout_basic, temple_hall, uniq_menkaure, uniq_grinder
D:7:      layout_loops_corners, serial_shops, nicolae_shop_behind_doors,
          dreamdust_mushroom_princess, corexii_leaking_fountain
D:8:      layout_loops_ring, david_lair_shrubbed,
          gammafunk_ghost_berserking_beasts, uniq_joseph
D:9:      layout_roguey [special_room_bee], minmay_joined_circles, uniq_erica
D:10:     layout_rooms, enter_bailey_4, nicolae_wooded_promenade
D:11:     layout_cave_pools, orc_david_3, serial_shops,
          nicolae_shop_hallway_stairs, okawaru_gym_becter, uniq_nergalle,
          uniq_urug
Temple:   mainiacjoe_temple_hex_bubbles
Lair:1:   minmay_lair_venomous_thicket, layout_chaotic_city
Lair:2:   layout_hall_layers, swamp_mist, basic_altar

Skill      XL: |  1  2  3  4  5  6  7  8  9 10 11 |
---------------+----------------------------------+-----
Spellcasting   | 3 4 5 6 8 9 |  9.4
Dodging        | 3 4 5 6 10 9 12 | 12.6
Hexes          | 1 2 3 4 5 |  5.0
Summonings     | 5 6 7 9 10 | 10.0
Fighting       | 1 2 3 4 6 8 9 |  9.5
Air Magic      | 1 2 4 6 7 |  7.0
Stealth        | |  2.6

Action                   |  1- 3 |  4- 6 |  7- 9 | 10-12 || total
-------------------------+-------+-------+-------+-------++-------
Melee: Unarmed           |    52 |    43 |    70 |    54 ||   219
       Bite              |     3 |     7 |    10 |     7 ||    27
       Punch             |     1 |       |     1 |       ||     2
 Cast: Summon Small Mamm |    19 |       |       |       ||    19
       Call Imp          |    21 |    18 |     7 |    17 ||    63
       Call Canine Famil |     3 |    30 |    33 |    55 ||   121
       Summon Guardian G |       |     5 |    43 |    86 ||   134
       Summon Lightning  |       |       |     8 |    45 ||    53
  Use: Scroll            |       |       |       |    26 ||    26
       Potion            |       |       |       |     2 ||     2
 Stab: Sleeping          |       |     1 |       |       ||     1
       Distracted        |       |       |     2 |     2 ||     4
Armor: Skin              |     6 |    13 |    16 |     6 ||    41
Dodge: Dodged            |    51 |    61 |   138 |   307 ||   557
